[Event "44th Chess Olympiad Women 2022"]
[Site "Chennai"]
[Date "2022.07.31"]
[Round "3.50"]
[White "Caku, Kler"]
[Black "Mejia, Camila"]
[Result "1-0"]
[WhiteElo "1626"]
[BlackElo "1330"]
[Annotator "NA RC"]
[PlyCount "51"]
[EventDate "2022.??.??"]
[TimeControl "60"]

1. e4 e5 2. Nf3 Nc6 3. d4 exd4 4. Nxd4 Nxd4 5. Qxd4 d6 6.
Bc4 Be6 7. Nc3 Nf6 8. Bf4 Be7 9. O-O-O O-O 10. f3 a6 11. Bxe6 fxe6 12. Qc4 Qd7 13. e5 Ne8 14. exd6 cxd6 15. Rhe1 d5 16. Nxd5 exd5 17. Rxd5 Qc6 18. Rc5+ Kh8 19. Rxc6 bxc6 20. Rxe7 Nf6 21. Be5 Rae8 22. Bxf6 gxf6 23. Rxe8 Rxe8 24. Qf7 Re1+ 25. Kd2 Rg1 26. Qf8# 1-0

[Event "44th Chess Olympiad Women 2022"]
[Site "Chennai"]
[Date "2022.07.31"]
[Round "3.50"]
[White "Garcia, Andrea Nicole"]
[Black "Shuqja, Klean"]
[Result "0-1"]
[WhiteElo "1631"]
[BlackElo "1883"]
[Annotator "NA RC"]
[PlyCount "86"]
[EventDate "2022.??.??"]
[TimeControl "60"]

1. e4 d5 2. exd5 Qxd5 3. Nc3 Qd8 4. Bc4 Nf6 5. Nf3 a6 6. Ne5 e6 7. d4 b5 8. Be2 Bb7 9. Bf3 Nd5 10. Nxd5 Bxd5 11. Bxd5 Qxd5 12. Qf3 Qxf3 13. Nxf3 Be7 14. Bf4 Nd7 15. Rf1 Rc8 16. Ke2 c5 17. dxc5 Rxc5 18. Rfc1 Rc4 19. Be3 Bf6 20. Rab1 Rc7 21. Bg5 Ke7 22. Bxf6+ Nxf6 23. c3 Rhc8 24. Rc2 Nd5 25. a3 a5 26. g3 b4 27. axb4 axb4 28. Rbc1 bxc3 29. bxc3 Rxc3 30. Rxc3 Rxc3 31. Rxc3 Nxc3+ 32. Ke3 f6 33. h4 e5 34. Nd2 Ke6 35. f4 Kf5 36. fxe5 fxe5 37. Nf3 Nd5+ 38. Kf2 e4 39. Ne1 Kg4 40. Ng2 e3+ 41. Nxe3+ Nxe3 42. Kxe3 Kxg3 43. h5 h6 0-1

[Event "44th Chess Olympiad Women 2022"]
[Site "Chennai"]
[Date "2022.07.31"]
[Round "3.50"]
[White "Maradiaga, Cesia"]
[Black "Gjergji, Rozana"]
[Result "0-1"]
[WhiteElo "1533"]
[BlackElo "1920"]
[Annotator "NA RC"]
[PlyCount "64"]
[EventDate "2022.??.??"]
[TimeControl "60"]

1. Nf3 Nf6 2. b3 d5 3. Bb2 e6 4. e3 Be7 5. Be2 O-O 6. O-O Nbd7 7. c4 dxc4 8. Bxc4 b6 9. d4 Bb7 10. Nbd2 Bd6 11. g3 h6 12. Re1 Re8 13.
Bf1 e5 14. e4 exd4 15. Nxd4 Nxe4 16. Bg2 Ndf6 17. Nxe4 Bxe4 18.
Bxe4 Nxe4 19. Nf5 Bc5 20. Qf3 Bxf2+ 21. Kg2 Bxe1 22. Rxe1 Ng5 23. Rxe8+ Qxe8 24. Qc3 Qe4+ 25. Kf1 Qxf5+ 26.
Kg2 f6 27. h4 Ne4 28. Qc4+ Kh7 29. Bd4 c5 30. Be3 Rd8 31. Bf4 Qd5 32. Qf1 Nd2+ 0-1

[Event "44th Chess Olympiad Women 2022"]
[Site "Chennai"]
[Date "2022.07.31"]
[Round "3.50"]
[White "Shabanaj, Eglantina"]
[Black "Viana, Valeria"]
[Result "1-0"]
[WhiteElo "1940"]
[BlackElo "1441"]
[Annotator "NA"]
[PlyCount "55"]
[EventDate "2022.??.??"]
[TimeControl "60"]

1. d4 Nf6 2. Nf3 d5 3. c4 c6 4. Nbd2 Bf5 5. g3 e6 6. Bg2 Nbd7 7. O-O Be7 8. b3 h6 9. Bb2 Qc7 10. Rc1 O-O 11. Re1 Ne4 12. Nxe4 Bxe4 13. Nd2 Bxg2 14. Kxg2 f5 15. Nf3 Rae8 16. Ne5 Nxe5 17. dxe5 f4 18. cxd5 exd5 19. Qxd5+ Kh8 20. Qe4 Bg5 21. Rc2 fxg3 22. hxg3 Qf7 23. f4 Bd8 24. Rh1 Re6 25. e3 Rg6 26. Rf2 Rg4 27. Rxh6+ Kg8 28. Qh7# 1-0

[Event "44th Chess Olympiad Women 2022"]
[Site "Chennai"]
[Date "2022.07.31"]
[Round "3.51"]
[White "Ayele, Hana Mulugeta"]
[Black "Nikolovska, Dragana"]
[Result "0-1"]
[WhiteElo "1437"]
[BlackElo "1876"]
[Annotator "NA RC"]
[PlyCount "62"]
[EventDate "2022.??.??"]
[TimeControl "60"]

1. e4 c5 2. Nf3 d6 3. Bc4 Nf6 4. Nc3 Nc6 5. a3 Bg4 6. h3 Bxf3 7. Qxf3 Nd4 8. Qd1 g6 9. d3 Bg7 10. O-O O-O 11. Be3 Nd7 12. Bxd4 Bxd4 13. Qd2 a6 14. Rab1 b5 15. Bd5 Rb8 16. Ne2 Bg7 17. c3 Qb6 18.
Nf4 Bh6 19. d4 e5 20. dxe5 dxe5 21. g3 exf4 22. gxf4 Qc7 23. f3 Bxf4 24. Qe2 Nf6 25. Rf2 Nxd5 26. exd5 Rbe8 27. Qd3 Be3 28. d6 Qd7 29. Re1 Bxf2+ 30. Kxf2 Rxe1 31. Kxe1 Rd8 0-1

[Event "44th Chess Olympiad Women 2022"]
[Site "Chennai"]
[Date "2022.07.31"]
[Round "3.51"]
[White "Haile, Lidet Abate"]
[Black "Stojkovska, Monika"]
[Result "1-0"]
[WhiteElo "1624"]
[BlackElo "2091"]
[Annotator "NA RC"]
[PlyCount "79"]
[EventDate "2022.??.??"]
[TimeControl "60"]

1. e4 c5 2. c3 e6 3. d4 d5 4. e5 Nc6 5. Nf3 Qb6 6. a3 Bd7 7. Be2 Nge7 8. b4 cxd4 9. cxd4 Rc8 10. O-O Nf5 11. Be3 Be7 12. Qd2 a6 13. Rd1 O-O 14. Bd3 f6 15.
Bxf5 exf5 16. Nc3 Be6 17. exf6 Bxf6 18. Na4 Qc7 19. Bf4 Qf7 20. Nc5 b6 21. Nxa6 Qa7 22. b5 Na5 23. Qd3 Rc4 24. Bd2 Rfc8 25.
Re1 Bd7 26. Nb4 Qb7 27. a4 Kf7 28. h3 Be6 29. Ne5+ Bxe5 30. Rxe5 g6 31. Rae1 Re8 32. Nxd5 Rxa4 33. Nf4 Bd7 34. Bxa5 Rxe5 35. dxe5 Rxf4 36. Bd2 Re4 37. Rd1 Be6 38. Qd6 f4 39. Bb4 Qc8 40. Qe7+ 1-0

[Event "44th Chess Olympiad Women 2022"]
[Site "Chennai"]
[Date "2022.07.31"]
[Round "3.51"]
[White "Manova, Ivana"]
[Black "Bantiwalu, Aster Melake"]
[Result "1-0"]
[WhiteElo "1849"]
[BlackElo "1425"]
[Annotator "NA RC"]
[PlyCount "121"]
[EventDate "2022.??.??"]
[TimeControl "60"]

1. e4 e5 2. Nf3 Nc6 3. d4 exd4 4. Bc4 h6 5. O-O Bc5 6. c3 dxc3 7. Bxf7+ Kf8 8. Nxc3 d6 9. Bb3 Bg4 10. Qd5 Qe8 11. Nh4 Nge7 12. Qd3 Qh5 13. Qg3 Nd4 14. h3 Be6 15. Bxe6 Nxe6 16. Be3 g5 17. Nf5 Qf7 18. Nxe7 Kxe7 19. Nd5+ Kd7 20. b4 Bd4 21. Bxd4 Nxd4 22. Qd3 Ne6 23. Rac1 c6 24. Ne3 Nf4 25. Qd2 Rae8 26. f3 Rhg8 27. Rfd1 Re6 28. Rc4 Rgg6 29. Rd4 Qg7 30. Kh1 Qf8 31. b5 c5 32. Ra4 Qb8 33. Qa5 Ne2 34. Nd5 Nd4 35. Qxa7 Qxa7 36. Rxa7 Kc8 37. Ra8+ Kd7 38. Rb8 Re8 39. Rxb7+ Kc8 40. Re7 Re6 41. Rxe8+ Rxe8 42. a4 Kb7 43. Nc3 Kb6 44. Kg1 Ka5 45. Rb1 Nc2 46. Kf2 Nb4 47. Rd1 Rd8 48. Rd2 Kb6 49. Ke3 Rd7 50. g3 Kc7 51. a5 Rd8 52. f4 gxf4+ 53.
gxf4 Ra8 54. a6 Rg8 55. Kf3 Rg6 56. Rg2 Rxg2 57. Kxg2 Nd3 58. Nd5+ Kb8 59. b6 Nb4 60. a7+ Kb7 61. Nc7 1-0

[Event "44th Chess Olympiad Women 2022"]
[Site "Chennai"]
[Date "2022.07.31"]
[Round "3.51"]
[White "Zhezhovska, Monika"]
[Black "Mekonen, Selemawit Kidanemar"]
[Result "1-0"]
[WhiteElo "1588"]
[BlackElo "1263"]
[Annotator "NA RC"]
[PlyCount "55"]
[EventDate "2022.??.??"]
[TimeControl "60"]

1. d4 d5 2. c4 dxc4 3. e3 g6 4. Bxc4 Nf6 5. Nf3 Bg7 6. Nc3 O-O 7. O-O Bg4 8. h3 Bxf3 9. Qxf3 Nc6 10. Rd1 e6 11. b3 a6 12. Bb2 Re8 13.
Rac1 Rb8 14. Bxa6 Na5 15. Bf1 Re7 16. d5 e5 17. b4 e4 18. Qe2 Rd7 19. bxa5 Nxd5 20. Nxe4 Ra8 21. Bxg7 Kxg7 22. Qb2+ Kg8 23. Bc4 Rxa5 24. Bxd5 Kf8 25. Qb4+ c5 26. Nxc5 Rxc5 27. Qxc5+ Rd6 28. Bxb7 1-0

[Event "44th Chess Olympiad Women 2022"]
[Site "Chennai"]
[Date "2022.07.31"]
[Round "3.52"]
[White "Cooke, Suzie G."]
[Black "Lyons, Kieran"]
[Result "1-0"]
[WhiteElo "1936"]
[BlackElo "1767"]
[Annotator "NA"]
[PlyCount "45"]
[EventDate "2022.??.??"]
[TimeControl "60"]

1. d4 f5 2. Bg5 h6 3. Bf4 e6 4. e4 Be7 5. exf5 Nf6 6. fxe6 dxe6 7. Bd3 O-O 8. Bg3 Nc6 9. c3 Bd6 10. Nf3 Ng4 11. Bxd6 Qxd6 12. h3 Nf6 13. Nbd2 Nd5 14. Nc4 Qf4 15. Qe2 Bd7 16. Nce5 Nxe5 17. Nxe5 Be8 18. g3 Qf6 19. f4 Qe7 20. O-O-O c5 21. Bc2 b5 22. Qe4 g5 23. Ng6 1-0

[Event "44th Chess Olympiad Women 2022"]
[Site "Chennai"]
[Date "2022.07.31"]
[Round "3.52"]
[White "Lampard, Alice"]
[Black "Terubea, Cydel"]
[Result "1-0"]
[WhiteElo "1729"]
[BlackElo "1450"]
[Annotator "NA"]
[PlyCount "91"]
[EventDate "2022.??.??"]
[TimeControl "60"]

1. e4 d5 2. exd5 Qxd5 3. Nc3 Qd8 4. Bc4 e6 5. Nf3 Nf6 6. d3 Bb4 7. O-O Bxc3 8. bxc3 O-O 9. Re1 Nc6 10. Bg5 Qd6 11. Bxf6 gxf6 12. Nd2 Kh8 13. Re3 Rg8 14. Qh5 Rg7 15. d4 Bd7 16. Bd3 e5 17. Rg3 Rag8 18.
Ne4 Qe7 19. d5 Nd8 20. Qh4 Bf5 21. Qxf6 Qxf6 22. Nxf6 Rxg3 23. hxg3 Rg6 24. Bxf5 Rxf6 25. g4 Rb6 26. Re1 f6 27. g5 Kg7 28. g4 h6 29. g6 Rb2 30. f4 b6 31. fxe5 fxe5 32. Rxe5 Rxa2 33. Re8 Nb7 34. Re7+ Kf6 35. Rf7+ Kg5 36. g7 Kh4 37. g8=Q Kg3 38. Kf1 Ra1+ 39. Ke2 Nd6 40. Re7 a5 41. Re3+ Kg2 42. Be4+ Nxe4 43. Rxe4 Rf1 44. g5 Rf2+ 45. Kd3 Rf3+ 46. Re3 1-0

[Event "44th Chess Olympiad Women 2022"]
[Site "Chennai"]
[Date "2022.07.31"]
[Round "3.52"]
[White "Prasad, Tanvi"]
[Black "Reid, Caitlin"]
[Result "1-0"]
[WhiteElo "1165"]
[BlackElo "1437"]
[Annotator "NA RC"]
[PlyCount "81"]
[EventDate "2022.??.??"]
[TimeControl "60"]

1. d4 f5 2. c4 g6 3. Nc3 Bg7 4. Nf3 Nf6 5. e3 e6 6. g3 b6 7. Bg2 Bb7 8. O-O O-O 9. b3 d6 10. Bb2 Nbd7 11. Ng5 Bxg2 12. Kxg2 Qe7 13. d5 exd5 14. Nxd5 Nxd5 15. Qxd5+ Kh8 16. Bxg7+ Kxg7 17. Ne6+ Kh6 18.
Nxf8 Rxf8 19. Qb7 g5 20. Qxc7 Qe4+ 21. Kg1 Nf6 22. Qxd6 Rf7 23. Qd4 Qf3 24. Qd1 Qe4 25. Re1 g4 26. Qe2 Kg5 27. Rad1 h5 28.
h4+ gxh3 29. f4+ Kh6 30. Kh2 h4 31. gxh4 Ng4+ 32. Kxh3 Qe7 33. Rg1 Rg7 34. e4 Kh5 35. Qe1 fxe4 36. Rd5+ Kh6 37. Rxg4 Rf7 38. Rgg5 Rxf4 39. Rh5+ Kg7 40. Qg3+ Kf8 41. Qxf4+ 1-0

[Event "44th Chess Olympiad Women 2022"]
[Site "Chennai"]
[Date "2022.07.31"]
[Round "3.52"]
[White "Sewak, Aarti"]
[Black "Roy, Ali"]
[Result "0-1"]
[WhiteElo "1412"]
[BlackElo "1893"]
[Annotator "NA"]
[PlyCount "80"]
[EventDate "2022.??.??"]
[TimeControl "60"]

1. e4 e6 2. Nf3 d5 3. e5 c5 4. d4 Nc6 5. Be3 cxd4 6. Bxd4 Nxd4 7. Nxd4 Bd7 8.
c3 Qb6 9. Qd2 Ne7 10. Bd3 Ng6 11. Bxg6 hxg6 12. Nf3 Bb5 13. a4 Bc4 14. a5 Qc7 15. b4 Be7 16. Na3 Rc8 17. Qe3 O-O 18. Nd2 Rfd8 19. Ndxc4 dxc4 20. Rc1 Rd3 21. Qe2 Bxb4 22. Nb1 Bxa5 23. O-O Rcd8 24. Rfe1 Bb6 25. h3 Qc5 26. Rc2 Qd5 27. Kh2 Bc5 28. Qg4 b5 29. Ree2 a5 30. Ra2 Bb6 31. Na3 Rxc3 32. Nb1 Rd3 33. Rac2 Rd4 34. Qg3 b4 35. f4 b3 36. Rc3 Rd3 37. Qg4 Rxc3 38. Nxc3 Qd4 39. Nb5 Qg1+ 40. Kg3 Rd3+ 0-1

[Event "44th Chess Olympiad Women 2022"]
[Site "Chennai"]
[Date "2022.07.31"]
[Round "3.53"]
[White "Ben Said, Safa"]
[Black "Mouradian, Knarik"]
[Result "0-1"]
[WhiteElo "1564"]
[BlackElo "2121"]
[Annotator "NA RC"]
[PlyCount "56"]
[EventDate "2022.??.??"]
[TimeControl "60"]

1. e4 c5 2. Nf3 d6 3. d4 cxd4 4. Nxd4 Nf6 5. Nc3 a6 6. Be3 e5 7. Nf3 Be7 8. Bc4 O-O 9. Qe2 Nbd7 10. a4 b6 11. Rd1 Bb7 12. Bg5 Qc7 13.
O-O Rfc8 14. Ba2 Bf8 15. Bxf6 Nxf6 16. Ng5 d5 17. exd5 Bd6 18. Nge4 Nxe4 19. Qxe4 Rf8 20. g4 Bc8 21. Qg2 f5 22. f4 exf4 23. gxf5 Bxf5 24. Ne4 Bxe4 25. Qxe4 Rae8 26. Qg2 Rf6 27. Rde1 Rxe1 28. Rxe1 Rg6 0-1

[Event "44th Chess Olympiad Women 2022"]
[Site "Chennai"]
[Date "2022.07.31"]
[Round "3.53"]
[White "Fawaz, Nadia"]
[Black "Mefteh, Meyssem"]
[Result "1-0"]
[WhiteElo "1214"]
[BlackElo "1254"]
[Annotator "NA RC"]
[PlyCount "103"]
[EventDate "2022.??.??"]
[TimeControl "60"]

1. d4 Nf6 2. Nf3 e6 3. Bf4 d5 4. e3 Bd6 5. Bg3 O-O 6. Bd3 c5 7. dxc5 Bxc5 8. O-O Nc6 9. Bh4 Be7 10. Nc3 e5 11. Bxf6 Bxf6 12. Nxd5 Re8 13. e4 Bg4 14. Be2 Bxf3 15. Bxf3 Rc8 16. Bg4 Rb8 17. c3 b5 18. Bd7 Re6 19. Bxe6 fxe6 20. Nxf6+ Qxf6 21. Qd7 Nd8 22. Rad1 Nf7 23. Qxa7 Rd8 24. Rxd8+ Qxd8 25. Qa6 Qd7 26. Qa8+ Nd8 27. Qb8 Kf7 28. Qxe5 Nb7 29. Qh5+ Kg8 30. Rd1 Qc6 31. e5 Qc8 32. Rd3 Nc5 33. Rh3 h6 34. Rg3 Qd7 35. h3 Ne4 36. Re3 Ng5 37. Qe2 Qe8 38.
Rd3 Nf7 39. Qd1 Kh7 40. f4 Qa8 41. Rd7 Kg8 42. Qh5 Qe8 43.
Rb7 Kf8 44. Qe2 Qd8 45. f5 Qg5 46. fxe6 Nxe5 47. e7+ Kf7 48.
Qf2+ Qf6 49. Qc5 Qe6 50. Qxb5 Nc4 51. e8=Q+ Kf6 52. Qxe6+ 1-0

[Event "44th Chess Olympiad Women 2022"]
[Site "Chennai"]
[Date "2022.07.31"]
[Round "3.53"]
[White "Grishina, Alexandra"]
[Black "Meddeb, Chadha"]
[Result "1-0"]
[WhiteElo "2012"]
[BlackElo "1561"]
[Annotator "NA"]
[PlyCount "41"]
[EventDate "2022.??.??"]
[TimeControl "60"]

1. Nf3 d5 2. d4 Nf6 3. g3 Bf5 4. Bg2 e6 5. O-O c5 6. c4 Nc6 7. Nc3 Be7 8. cxd5 Nxd5 9. Nxd5 exd5 10. dxc5 Bxc5 11. Bg5 f6 12. Bf4 O-O 13. Qb3 Na5 14. Qb5 Rc8 15. b4 Bxb4 16. Qxb4 Rc4 17. Qa3 Re8 18. Rac1 Rxe2 19. Rfd1 Qb6 20. Be3 Qe6 21. Nd4 1-0

[Event "44th Chess Olympiad Women 2022"]
[Site "Chennai"]
[Date "2022.07.31"]
[Round "3.53"]
[White "Hwass Zeineb"]
[Black "Darweeche, Roaa"]
[Result "1-0"]
[WhiteElo "1386"]
[BlackElo "1548"]
[Annotator "NA RC"]
[PlyCount "173"]
[EventDate "2022.??.??"]
[TimeControl "60"]

1. d4 f5 2. c4 g6 3. Nc3 Bg7 4. e4 fxe4 5. Nxe4 d6 6. Nf3 Nf6 7. Nxf6+ exf6 8. h3 O-O 9. Bd3 Nd7 10. O-O Kh8 11. Be3 Nb6 12. Qd2 Be6 13. d5 Bf7 14. Bh6 Nd7 15. Bxg7+ Kxg7 16. Nd4 Re8 17. f4 f5 18. Rae1 Nf8 19. Qc3 Kg8 20. Bxf5 Qf6 21. Rxe8 Rxe8 22. Bc2 a6 23. Nb5 Qe7 24. Nd4 Qe3+ 25. Qxe3 Rxe3 26. Kf2 Re8 27. Rd1 Kg7 28. Rd3 Kf6 29. Rb3 b5 30. cxb5 Bxd5 31. Ra3 axb5 32. Nxb5 Re7 33. g3 Bc4 34. Nc3 Nd7 35. Ne4+ Kg7 36. Re3 d5 37. Nc3 Rf7 38. b3 d4 39. Re4 Bd3 40. Bxd3 dxc3 41. Rc4 Ne5 42. Rxc3 Nxd3+ 43. Rxd3 c6 44. b4 Rb7 45. a3 Kf7 46. g4 Ke6 47. Kf3 h6 48. h4 Rf7 49. Ke4 Rf8 50. a4 Ra8 51. f5+ gxf5+ 52. gxf5+ Ke7 53. a5 Rb8 54. Rd4 Rb5 55. a6 Rb6 56. Ke5 Rb5+ 57. Kf4 Rb6 58.
Re4+ Kf7 59. Re6 Rxb4+ 60. Re4 Rb6 61. Ra4 Rb8 62. a7 Ra8 63.
Ke5 Ke7 64. f6+ Kd7 65. f7 Ke7 66. Rf4 Kf8 67. Ra4 Kxf7 68.
Kd6 Kg6 69. Kxc6 Kh5 70. Kb7 Rxa7+ 71. Kxa7 Kg6 72. Ra5 Kg7 73. Ra6 Kh7 74. Kb7 h5 75. Kc7 Kg7 76. Kd7 Kh7 77. Ke6 Kg6 78. Ke5+ Kg7 79. Kf5 Kh7 80. Kg5 Kg7 81. Ra7+ Kf8 82. Kxh5 Kg8 83. Kg6 Kf8 84. h5 Ke8 85. h6 Kf8 86. h7 Ke8 87. h8=Q# 1-0

[Event "44th Chess Olympiad Women 2022"]
[Site "Chennai"]
[Date "2022.07.31"]
[Round "3.54"]
[White "James, Shemilah"]
[Black "Punsalan, Vyanla M"]
[Result "0-1"]
[WhiteElo "1590"]
[BlackElo "1895"]
[Annotator "NA RC"]
[PlyCount "84"]
[EventDate "2022.??.??"]
[TimeControl "60"]

1. e4 c6 2. d4 d5 3. exd5 cxd5 4. Bd3 Nc6 5. c3 Qc7 6. Be3 Nf6 7. Nf3 Bg4 8. Nbd2 e6 9. h3 Bh5 10. O-O Bd6 11. Rc1 O-O 12. Qc2 Rac8 13.
Bg5 Bg6 14. Bxg6 hxg6 15. a3 Nh7 16. Be3 Qe7 17. Rfe1 f5 18.
Nf1 g5 19. N1h2 Bxh2+ 20. Kxh2 g4 21. Ne5 Nxe5 22. dxe5 f4 23.
Bxa7 Qh4 24. f3 Qg3+ 25. Kh1 gxh3 26. Qf2 hxg2+ 27. Qxg2 Qh4+ 28. Qh2 Qe7 29. Kg1 Rf5 30. Kf2 Nf8 31. Rh1 b6 32. Bxb6 Qb7 33. Rcg1 Qxb6+ 34. Kf1 Qb5+ 35. Ke1 Qd3 36. Qh8+ Kf7 37. Qxg7+ Ke8 38. Rh8 Qb1+ 39. Kf2 Qxb2+ 40. Kf1 Rxc3 41. Qg6+ Kd7 42. Qh7+ Kc6 0-1

[Event "44th Chess Olympiad Women 2022"]
[Site "Chennai"]
[Date "2022.07.31"]
[Round "3.54"]
[White "Martin, Kayla"]
[Black "Thurner, Anya"]
[Result "0-1"]
[WhiteElo "1138"]
[BlackElo "1619"]
[Annotator "NA RC"]
[PlyCount "64"]
[EventDate "2022.??.??"]
[TimeControl "60"]

1. d4 d5 2. c4 e6 3. Nc3 Nf6 4. Bf4 Be7 5. Nf3 O-O 6. e3 b6 7. Bd3 Bb7 8. O-O c5 9. Qc2 Nc6 10. a3 cxd4 11. exd4 dxc4 12. Bxc4 Nxd4 13. Nxd4 Qxd4 14. Ne2 Qc5 15. b4 Qc6 16. f3 Rac8 17. Rad1 Qxc4 18. Qb2 Ba6 19. Rfe1 Rfd8 20. Rd4 Rxd4 21. Nxd4 Qc3 22. Qf2 Qxa3 23. b5 Bb7 24. Qg3 Nh5 25. Qg4 Nxf4 26. Qxf4 Qb4 27. Rd1 Bc5 28. Kh1 Bxd4 29. h3 e5 30. Qg4 Qxb5 31. f4 Qb2 32. Qd7 Qxg2# 0-1

[Event "44th Chess Olympiad Women 2022"]
[Site "Chennai"]
[Date "2022.07.31"]
[Round "3.54"]
[White "Yu, Weiyang"]
[Black "Mohammed, Celine Angelina"]
[Result "1-0"]
[WhiteElo "1504"]
[BlackElo "1100"]
[Annotator "NA RC"]
[PlyCount "47"]
[EventDate "2022.??.??"]
[TimeControl "60"]

1. e4 e5 2. Nf3 Nc6 3. Bb5 a6 4. Ba4 d6 5. O-O Nf6 6. Re1 Bd7 7. c3 b5 8. Bc2 Be7 9. d4 O-O 10. h3 Re8 11. Be3 Bf8 12. Nbd2 d5 13.
Bg5 h6 14. Bxf6 Qxf6 15. exd5 Na7 16. dxe5 Qb6 17. Nb3 Rad8 18. Qd3 g6 19. Nfd4 a5 20. e6 Bc8 21. Nc6 Nxc6 22. exf7+ Kh8 23. fxe8=Q Rxe8 24. Rxe8 1-0

[Event "44th Chess Olympiad Women 2022"]
[Site "Chennai"]
[Date "2022.07.31"]
[Round "3.54"]
[White "Zhang, Jasmine Haomo"]
[Black "La Fleur, Zara"]
[Result "1-0"]
[WhiteElo "1972"]
[BlackElo "1513"]
[Annotator "NA RC"]
[PlyCount "167"]
[EventDate "2022.??.??"]
[TimeControl "60"]

1. d4 d5 2. Bf4 Nf6 3. e3 c5 4. Nf3 Qb6 5. Nc3 a6 6. Rb1 Nc6 7. Be2 g6 8. O-O cxd4 9. exd4 Bg7 10. Be5 e6 11. Kh1 O-O 12. Na4 Qa5 13.
c3 Ne4 14. b4 Qd8 15. Bxg7 Kxg7 16. Nd2 Nd6 17. Bf3 Qc7 18. Re1 Bd7 19. Nc5 Nb5 20. Qc1 b6 21. Ncb3 Rac8 22. a4 Nd6 23. Ra1 Ne7 24. Nb1 Nc4 25. a5 Bb5 26. axb6 Qxb6 27. Nc5 Rfe8 28. Re2 Nf5 29. Rea2 Ra8 30. g3 Nfd6 31. h4 Nb7 32. Nd2 Nxc5 33. bxc5 Qd8 34. Be2 Nxd2 35. Qxd2 Bxe2 36. Qxe2 a5 37. Qb5 Qf6 38. Kg2 Reb8 39. Qc6 Qf5 40. Qc7 h5 41. c6 Qe4+ 42. Kh2 Qf3 43. Qe5+ Kg8 44. c7 Rc8 45. Rb1 Qxc3 46. Rb8 Kh7 47. Rab2 a4 48. Kg2 a3 49. Rxa8 Qxc7 50. Qxc7 Rxc7 51. Rxa3 Kg7 52. Kf3 Kf6 53. Ke3 e5 54. dxe5+ Kxe5 55. Kd3 Rc6 56. Rc2 Rf6 57. Re2+ Kf5 58. Kd4 Kg4 59. Kxd5 Kh3 60. Rae3 Rf5+ 61. Kd6 Rf6+ 62. Ke7 Rf5 63. Kf8 Rf6 64. Kg7 Rf5 65. Re7 g5 66. hxg5 Rxg5+ 67. Kxf7 Rf5+ 68. Kg6 Rf3 69. Kxh5 Rf5+ 70. Kg6 Rf3 71. Rf7 Ra3 72. Re4 Ra2 73. g4 Ra6+ 74. Rf6 Ra2 75. g5 Kg2 76. Kg7 Ra5 77. g6 Rg5 78. f3 Kg3 79. Rg4+ Rxg4 80. fxg4 Kxg4 81. Kf7 Kg5 82. g7 Kh5 83. g8=Q Kh4 84. Rh6# 1-0

[Event "44th Chess Olympiad Women 2022"]
[Site "Chennai"]
[Date "2022.07.31"]
[Round "3.55"]
[White "Almanzar Vasquez, Jeniffer Maria"]
[Black "Saraci, Rinesa"]
[Result "1/2-1/2"]
[WhiteElo "1762"]
[BlackElo "1494"]
[Annotator "NA RC"]
[PlyCount "99"]
[EventDate "2022.??.??"]
[TimeControl "60"]

1. c4 Nf6 2. Nc3 g6 3. d3 Bg7 4. g3 d6 5. Bg2 O-O 6. Nf3 Nc6 7. Bd2 Re8 8. O-O e5 9. e4 Bd7 10. a3 a5 11. Rb1 Bg4 12. Be3 Qd7 13.
Qd2 Bh3 14. Nb5 Bxg2 15. Kxg2 b6 16. Ng1 Ng4 17. Ne2 Nxe3+ 18. fxe3 Na7 19. Nxa7 Rxa7 20. Nc3 Rf8 21. Rf2 f5 22. Rbf1 fxe4 23.
Rxf8+ Bxf8 24. Nxe4 Bg7 25. Qf2 Ra8 26. Nf6+ Bxf6 27. Qxf6 Re8 28. Qf3 Qe7 29. Qd5+ Kg7 30. Qc6 Rf8 31. Rxf8 Kxf8 32. b4 axb4 33. axb4 Kg7 34. b5 Qf7 35. Qf3 Qxf3+ 36. Kxf3 Kf6 37. Ke4 Ke6 38. h4 h6 39. g4 h5 40. g5 Ke7 41. Kd5 Kd7 42. d4 exd4 43.
exd4 Ke7 44. Kc6 Kd8 45. c5 bxc5 46. dxc5 dxc5 47. Kxc5 Ke7 48. Kd5 Kd7 49. Ke5 Ke7 50. Ke4 1/2-1/2

[Event "44th Chess Olympiad Women 2022"]
[Site "Chennai"]
[Date "2022.07.31"]
[Round "3.55"]
[White "Saraci, Nita"]
[Black "Diaz Cesar, Wilsaida Pieranlly"]
[Result "0-1"]
[WhiteElo "1555"]
[BlackElo "1834"]
[Annotator "NA RC"]
[PlyCount "96"]
[EventDate "2022.??.??"]
[TimeControl "60"]

1. d4 Nf6 2. Nf3 g6 3. Bf4 Bg7 4. Nbd2 d6 5. e4 Nbd7 6. Bd3 O-O 7. Qe2 a6 8. O-O Nh5 9. Bg3 Nxg3 10. fxg3 e5 11. d5 Nc5 12. Rf2 Qe7 13.
Raf1 Bd7 14. b3 Rae8 15. Qe3 h6 16. h3 Bc8 17. g4 Bd7 18.
Nh2 Nxd3 19. Qxd3 c6 20. c4 Rd8 21. Qe3 cxd5 22. cxd5 Bb5 23. Nc4 Bxc4 24. bxc4 Rc8 25. Rc1 Rc5 26. Nf3 Rfc8 27. Nd2 b5 28.
Rcf1 f6 29. cxb5 axb5 30. Nb3 Rc3 31. Qb6 Qd7 32. Qa6 R3c4 33.
Qb6 Rxe4 34. Rc1 Rxc1+ 35. Nxc1 Rc4 36. Nb3 f5 37. gxf5 gxf5 38. Rd2 Kh7 39. Na5 Rc1+ 40. Kf2 e4 41. Ke2 f4 42. Nc6 f3+ 43. gxf3 exf3+ 44. Kxf3 Qxh3+ 45. Kf4 h5 46. Qa7 Qg4+ 47. Ke3 Rc3+ 48. Kf2 Qf3+ 0-1

[Event "44th Chess Olympiad Women 2022"]
[Site "Chennai"]
[Date "2022.07.31"]
[Round "3.55"]
[White "Saraci, Ndriqona"]
[Black "Rosario Almanzar, Raydily"]
[Result "0-1"]
[WhiteElo "1425"]
[BlackElo "1882"]
[Annotator "NA"]
[PlyCount "72"]
[EventDate "2022.??.??"]
[TimeControl "60"]

1. e4 c5 2. Nf3 e6 3. d4 cxd4 4. Nxd4 a6 5. Nc3 b5 6. a3 Bb7 7. Bd3 Qc7 8.
O-O Nf6 9. f3 Bc5 10. Be3 Qb6 11. Nce2 e5 12. c3 exd4 13. cxd4 Be7 14. Qb3 O-O 15. Rac1 d6 16. Rc3 Nbd7 17. Rfc1 Rfc8 18. Qc2 Rxc3 19. Nxc3 Ne5 20. Kf2 Nxd3+ 21. Qxd3 Qd8 22. Ne2 Rc8 23. Rd1 Nd7 24. Kf1 Nb6 25. b3 f5 26. Nf4 fxe4 27. fxe4 Bg5 28. g3 Qe7 29. h4 Bxe4 30. Qd2 Rc2 31. Qe1 Bxf4 32. Bxf4 Qe6 33. Rd2 Qh3+ 34. Ke2 Qg4+ 35. Kf1 Qf3+ 36. Qf2 Rc1+ 0-1

[Event "44th Chess Olympiad Women 2022"]
[Site "Chennai"]
[Date "2022.07.31"]
[Round "3.56"]
[White "Herrera, Marjorie"]
[Black "Estur, Grace Co"]
[Result "1-0"]
[WhiteElo "1760"]
[BlackElo "1472"]
[Annotator "NA RC"]
[PlyCount "77"]
[EventDate "2022.??.??"]
[TimeControl "60"]

1. e4 e5 2. Nf3 Nc6 3. Bc4 h6 4. c3 Nf6 5. d3 d6 6. Bb3 Bg4 7. Nbd2 d5 8. O-O dxe4 9. dxe4 Bd6 10. Qe2 O-O 11. Nc4 Ne7 12. Rd1 Qb8 13. h3 Bh5 14. Bc2 b5 15. Ne3 Qb7 16. Nf1 Rfd8 17. Ng3 Bg6 18.
Nh4 Bh7 19. Qf3 c6 20. Bxh6 Ne8 21. Bg5 Rd7 22. Bb3 Ng6 23. Nxg6 Bxg6 24. Qg4 Kf8 25. h4 a5 26. h5 Bh7 27. h6 a4 28. hxg7+ Nxg7 29. Bh6 f5 30.
Nxf5 Bxf5 31. Bxg7+ Ke8 32. Qxf5 axb3 33. Qe6+ Re7 34. Qg6+ Kd7 35. Qxd6+ Ke8 36. Qg6+ Rf7 37. Bf6 Qb6 38. Qg8+ Rf8 39. Qe6# 1-0

[Event "44th Chess Olympiad Women 2022"]
[Site "Chennai"]
[Date "2022.07.31"]
[Round "3.56"]
[White "Nacario, Ruth"]
[Black "Garcia, Angie"]
[Result "0-1"]
[WhiteElo "1552"]
[BlackElo "1894"]
[Annotator "NA RC"]
[PlyCount "74"]
[EventDate "2022.??.??"]
[TimeControl "60"]

1. d4 Nf6 2. c4 g6 3. Nc3 Bg7 4. Bg5 O-O 5. Qd2 d6 6. Bh6 c5 7. d5 a6 8. a4 Qa5 9. Bxg7 Kxg7 10. e3 Bd7 11. b3 b5 12. Bd3 bxa4 13.
bxa4 Bc8 14. Nf3 Bg4 15. Be2 Nbd7 16. O-O Rab8 17. Qc2 Rb7 18. h3 Bxf3 19. Bxf3 Rfb8 20. Rab1 Rxb1 21. Rxb1 Rxb1+ 22. Nxb1 Nb6 23. Bd1 Qb4 24. Nd2 Nxa4 25. Nf3 Nc3 26. Be2 Nxe2+ 27. Qxe2 a5 28. e4 a4 29. e5 dxe5 30. Nxe5 a3 31. Nd3 Qb1+ 32. Kh2 a2 33. Nxc5 a1=Q 34. Qxe7 Qg1+ 35. Kg3 Nh5+ 36. Kh4 Qxf2+ 37. Kg4 Qf4# 0-1